 Dungeon Crawl Stone Soup version 0.30.0-19-g36f170ea60 (webtiles) character file.

Game seed: 13227342880151813187

1640 monsoonserge the Trooper (level 8, 0/73 HPs)
             Began as a Minotaur Chaos Knight on May 29, 2023.
             Was a Plaything of Xom.
             Slain by a wight
             ... wielding a +2 halberd of flaming
              (14 damage)
             ... on level 6 of the Dungeon.
             The game lasted 00:14:47 (4023 turns).

monsoonserge the Trooper (Minotaur Chaos Knight)    Turns: 4023, Time: 00:14:47

Health: 0/73       AC: 10    Str: 16    XL:     8   Next: 66%
Magic:  7/7        EV: 11    Int:  9    God:    Xom [.*....]
Gold:   345        SH:  0    Dex: 10    Spells: 7/7 levels left

rFire   + + +        l - +2 mace of the Big Bang {venom, rPois rF+++ rN+ Dex+3}
rCold   + . .        (no shield)
rNeg    + . .        B - +4 ring mail {rPois}
rPois   +            (helmet restricted)
rElec   .            (no cloak)
rCorr   .            (no gloves)
SInv    .            (no boots)
Will    .....        (no amulet) Stlth
                     (no ring)
HPRegen 0.32/turn    (no ring)
MPRegen 0.10/turn

%: no passive effects
@: attractive
A: horns 2, retaliatory headbutt, clumsy 2, cold resistance 1, weak 1
a: Renounce Religion


You were on level 6 of the Dungeon.
You worshipped Xom.
You were a plaything of Xom.
You visited 2 branches of the dungeon, and saw 7 of its levels.

You collected 345 gold pieces.

Inventory:

Hand Weapons
 a - a +0 hand axe of chaos
 e - a +1 long sword of holy wrath
 l - the +2 mace of the Big Bang (weapon) {venom, rPois rF+++ rN+ Dex+3}
   (You found it on level 3 of the Dungeon)

   Dex:       It affects your dexterity (+3).
   rF:        It renders you almost immune to fire.
   rPois:     It protects you from poison.
   rN:        It protects you from negative energy.
Missiles
 b - 3 boomerangs (quivered)
 d - 47 stones
Armour
 A - a +0 plate armour
 B - a +4 ring mail of poison resistance (worn)
Wands
 v - a wand of flame (23)
Scrolls
 h - 5 scrolls of identify {unknown}
 n - a scroll of noise {unknown}
 s - a scroll of fear {unknown}
 u - a scroll of enchant armour {unknown}
 w - a scroll of brand weapon {unknown}
 x - 2 scrolls of blinking {unknown}
 y - a scroll of poison {unknown}
Potions
 f - 2 potions of curing
 g - 2 potions of brilliance {unknown}
 i - a potion of might {unknown}
 j - a potion of mutation {unknown}
 k - a potion of berserk rage
 m - 2 potions of attraction
 o - a potion of haste {unknown}
 p - a potion of ambrosia {unknown}
 q - 3 potions of magic {unknown}
 t - 2 potions of flight {unknown}
 z - 2 potions of cancellation {unknown}
Miscellaneous
 c - a piece from Xom's chessboard (5/15)


   Skills:
 + Level 7.2 Fighting
 + Level 6.5(7.6) Axes
 + Level 6.1(7.5) Maces & Flails
 + Level 0.1 Throwing
 + Level 6.7 Armour
 + Level 4.1 Dodging
 + Level 1.2 Evocations


You had 7 spell levels left.
You didn't know any spells.
Your spell library contained the following spells:

 Spells                   Type           Power      Damage    Failure   Level
 Ensorcelled Hibernation  Hex/Ice        0%         N/A       71%         2
 Passwall                 Tmut/Erth      0%         N/A       71%         2
 Dazzling Flash           Conj/Hex       0%         N/A       91%         3
 Gell's Gravitas          Tloc           0%         N/A       91%         3
 Swiftness                Air            0%         N/A       91%         3
 Teleport Other           Tloc           0%         N/A       91%         3
 Volatile Blastmotes      Fire/Tloc      0%         2d10      91%         3
 Iskenderun's Mystic Bla  Conj/Tloc      0%         2d3       100%        4
 Dispersal                Tloc           0%         N/A       100%        6
 Starburst                Conj/Fire      0%         6d3       100%        6


Dungeon Overview and Level Annotations

Branches:
Dungeon (6/15)             Temple (1/1) D:6

Altars:
Ashenzari
Cheibriados
Dithmenos
Fedhas
Gozag
Hepliaklqana
Kikubaaqudgha
Makhleb
Nemelex Xobeh
Okawaru
Ru
Sif Muna
Uskayaw
Wu Jian
Yredelemnul
Zin
The Shining One

Shops:
D:3 [


Innate Abilities, Weirdness & Mutations

You have a pair of horns on your head.
You reflexively headbutt those who attack you in melee.
You are very clumsy. (Dex -4)
Your flesh is cold resistant. (rC+)
You are weak. (Str -2)


Message History

You hit the wight. You headbutt the wight.
The wight is heavily damaged.
The wight hits you but does no damage.
You barely miss the scorpion. Your headbutt misses the scorpion.
The scorpion stings you. The wight misses you.
You hit the scorpion.
The scorpion is poisoned.
The scorpion is moderately wounded.
The scorpion stings you.
The wight hits you with a +0 great sword!
You partially resist.
You feel drained. The scorpion barely misses you.
You hit the scorpion.
You headbutt the scorpion, but do no damage.
The scorpion is severely wounded.
The wight hits you with a +0 great sword!
The scorpion stings you.
* * * LOW HITPOINT WARNING * * *
Okay, then.
You hit the wight but do no damage.
The wight is moderately damaged.
The scorpion stings you.
* * * LOW HITPOINT WARNING * * *
The wight misses you.
Unknown command.
You closely miss the scorpion. You headbutt the scorpion.
The scorpion is almost dead.
The wight is no longer petrified.
The scorpion misses you. The wight closely misses you. You furiously retaliate!
You headbutt the wight!
You destroy the wight!
The wight closely misses you. The scorpion stings you.
* * * LOW HITPOINT WARNING * * *
Your life force feels restored.
Press: ? - help, v - describe, . - travel
Here: a scorpion (almost dead, very poisoned)
The floor.
Okay, then.
It was a potion of attraction.
You feel attractive to monsters.
You kill the scorpion!
The wight hits you with a +2 halberd of flaming!
You die...

.# #.......................#
.. .#
#.......#................. ..
.# #.......#####.....#.......
..
.###........###...............
.. .........##.#..............
.. ..........#.#............
...##<#..# #............ #.#
.#.#....z.......
#.#........@........
#........#.†).......
#...................
#............8......
....................
###.##...8.>........
##............ #+
.......8..... ##.### ......


You could see a wight.

Vanquished Creatures
  A polar bear (shapeshifter) (D:2)
  A steam dragon (D:4)
  Duvessa (D:4)
  2 ice beasts (D:6)
  A phantom (D:6)
  5 scorpions
  2 wights (D:6)
  Dowan (D:4)
  A killer bee (D:5)
  A jelly (D:4)
  3 hounds
  An orc priest (D:5)
  2 sleepcaps
  3 iguanas
  3 orc wizards
  Robin (D:4)
  8 adders
  A shadow imp (D:5)
  An ufetubus (D:4)
  A worm (D:4)
  3 dart slugs
  11 orcs
  10 ball pythons
  4 bats
  5 endoplasms
  15 goblins
  7 hobgoblins
  2 jackals (D:2)
  6 kobolds
  4 quokkas
  2 frilled lizards (D:1)
  2 rats
111 creatures vanquished.

Notes
Turn   | Place    | Note
-------+----------+-------------------------------------------
     0 | D:1      | monsoonserge the Minotaur Chaos Knight began the quest for
                  | the Orb.
     0 | D:1      | Reached XP level 1. HP: 19/19 MP: 0/0
    81 | D:1      | XOM: divination: magic mapping
    83 | D:1      | XOM: silly message
   132 | D:1      | Reached skill level 4 in Fighting
   132 | D:1      | Reached XP level 2. HP: 27/27 MP: 1/1
   760 | D:2      | XOM: noise
   769 | D:2      | a dart slug changed into a shapeshifter
   769 | D:2      | Noticed a shapeshifter (shapeshifter)
   769 | D:2      | a shapeshifter changed into a polar bear
   769 | D:2      | Noticed a polar bear (shapeshifter)
   772 | D:2      | XOM: butterfly on damage
   778 | D:2      | HP: 2/40 [polar bear (shapeshifter) (6)]
   779 | D:2      | Killed a polar bear
   780 | D:2      | Reached skill level 5 in Fighting
   780 | D:2      | Reached skill level 5 in Axes
   780 | D:2      | Reached XP level 3. HP: 3/36 MP: 2/2
   780 | D:2      | Reached XP level 4. HP: 3/42 MP: 3/3
   780 | D:2      | Reached XP level 5. HP: 4/49 MP: 4/4
  1205 | D:2      | Reached XP level 6. HP: 57/57 MP: 5/5
  1459 | D:3      | Identified the +2 mace of the Big Bang {venom, rPois rF+++
                  | rN+ Dex+3}
  1464 | D:3      | XOM: silly message
  1598 | D:3      | Found Soqysur's Armour Boutique.
  2028 | D:4      | Reached skill level 6 in Fighting
  2030 | D:4      | Identified the +1 scale mail of the Untouchables {rPois
                  | Regen+}
  2507 | D:4      | Reached skill level 1 in Maces & Flails
  2625 | D:4      | Noticed Robin
  2642 | D:4      | Killed Robin
  2684 | D:4      | Noticed Duvessa
  2684 | D:4      | Noticed Dowan
  2695 | D:4      | XOM: silly message
  2705 | D:4      | Reached XP level 7. HP: 61/63 MP: 6/6
  2711 | D:4      | XOM: give mutations
  2711 | D:4      | Gained mutation: You are clumsy. (Dex -2) [Xom's mischief]
  2711 | D:4      | Gained mutation: You are very clumsy. (Dex -4) [Xom's
                  | mischief]
  2711 | D:4      | Gained mutation: Your flesh is cold resistant. (rC+) [Xom's
                  | mischief]
  2717 | D:4      | XOM: destruction
  2721 | D:4      | Killed Duvessa
  2724 | D:4      | Killed Dowan
  2951 | D:4      | XOM: give mutation
  2951 | D:4      | Gained mutation: You are weak. (Str -2) [Xom's mischief]
  2994 | D:5      | Entered Level 5 of the Dungeon
  2997 | D:4      | a howler monkey changed into a steam dragon
  2997 | D:4      | Noticed a steam dragon
  2997 | D:4      | XOM: polymorph howler monkey -> steam dragon
  3003 | D:4      | Killed a steam dragon
  3054 | D:5      | XOM: noise
  3064 | D:4      | Reached skill level 5 in Armour
  3162 | D:5      | XOM: swap monsters
  3165 | D:5      | Reached XP level 8. HP: 71/71 MP: 7/7
  3306 | D:5      | Noticed Sigmund
  3307 | D:5      | XOM: destruction
  3313 | D:5      | Sigmund changed into Sigmund the killer bee
  3313 | D:5      | Noticed Sigmund
  3313 | D:5      | XOM: polymorph Sigmund -> Sigmund the killer bee
  3317 | D:5      | Killed Sigmund the killer bee
  3724 | D:6      | Reached skill level 5 in Maces & Flails
  3796 | D:6      | Reached skill level 7 in Fighting
  3798 | D:6      | XOM: silly message
  3863 | D:6      | XOM: enchant monster (bad)
  3913 | D:6      | Reached skill level 1 in Evocations
  3923 | D:6      | Found a staircase to the Ecumenical Temple.
  3977 | Temple   | Entered the Ecumenical Temple
  4023 | D:6      | Slain by a wight

Illustrated notes

Levels and vault maps discovered:
D:1:      psy_arrival_conway, layout_loops_cross
D:2:      layout_loops_ring, grunt_ministairs_9
D:3:      layout_basic, serial_shops, shop
D:4:      minmay_skewed_foursquare, layout_gridville, uniq_robin, uniq_duvessa
D:5:      layout_rooms, uniq_sigmund
D:6:      layout_basic, temple_statues, minmay_misc_feat_columns,
          grunt_ministairs_1, chequers_serial_rivers_room_a, uniq_menkaure
Temple:   sentei_temple_godly_chess

Skill      XL: |  1  2  3  4  5  6  7  8 |
---------------+-------------------------+-----
Fighting       | 4 5 6 7 |  7.2
Axes           | 5 6 |  6.5
Armour         | 3 5 6 |  6.7
Dodging        | 2 3 4 |  4.1
Maces & Flails | 2 4 6 |  6.1
Evocations     | 1 |  1.2
Throwing       | |  0.1

Action                     |  1- 3 |  4- 6 |  7- 9 || total
---------------------------+-------+-------+-------++-------
  Melee: Hand axe          |    43 |    31 |       ||    74
         Headbutt          |    10 |    18 |    32 ||    60
         Mace              |       |    65 |   127 ||   192
         Punch             |       |     1 |     1 ||     2
  Throw: Stone             |       |     1 |       ||     1
         Boomerang         |       |       |     3 ||     3
  Evoke: Piece from Xom's  |       |     2 |    17 ||    19
    Use: Potion            |     2 |       |     1 ||     3
   Stab: Sleeping          |     1 |       |     1 ||     2
 Armour: Leather armour    |    28 |    16 |       ||    44
         Scale mail        |       |    23 |    32 ||    55
         Ring mail         |       |       |    31 ||    31
  Dodge: Dodged            |    30 |    58 |    85 ||   173
